 Dungeon Crawl Stone Soup version 0.30-a0-591-g3c58d2bc28 (webtiles) character file.

Game seed: 7179000494179896354

10593 wormed the Transmogrifier (level 11, -8/90 HPs)
             Began as an Octopode Transmuter on Jan 6, 2023.
             Was an Initiate of Gozag.
             Killed from afar by an acid dragon (33 damage)
             ... with a splash of acid
             ... on level 10 of the Dungeon.
             The game lasted 00:19:02 (11996 turns).

wormed the Transmogrifier (Octopode Transmuter)    Turns: 11996, Time: 00:19:02

Health: -8/90      AC:  3    Str: 22    XL:     11   Next: 64%
Magic:  17/21      EV: 19    Int: 32    God:    Gozag
Gold:   325        SH:  0    Dex: 18    Spells: 16/23 levels left

rFire   x . .      SeeInvis .      - Unarmed
rCold   + + +      Faith    .    (shield currently unavailable)
rNeg    . . .      Spirit   .    (helmet currently unavailable)
rPois   +          Reflect  .    d - amulet of magic regeneration
rElec   .          Harm     .    i - +6 ring of dexterity
rCorr   .          Rampage  .    l - ring of willpower
Will    +....                    m - +6 ring of strength
Stlth   ++                       x - +6 ring of intelligence
HPRegen 0.35/turn                z - +6 ring of strength
MPRegen 0.57/turn                D - +6 ring of intelligence
                                 F - +5 ring of evasion
                                 (no ring)

@: ice-form, corroded, gold aura
A: freezing attack, boosted hp, almost no armour, amphibious, 8 rings, large,
(camouflage 1), (gelatinous body 1), (nimble swimmer 1), (tentacles)
a: End Transformation, Renounce Religion, Potion Petition, Call Merchant, Bribe
Branch


You were on level 10 of the Dungeon.
You worshipped Gozag.
Gozag was aware of your devotion.
You were a creature of crystalline ice.
You visited 2 branches of the dungeon, and saw 12 of its levels.
You also visited: Sewer.

You collected 1299 gold pieces.
You spent 175 gold pieces at shops.
You paid 799 gold pieces to Gozag.

Inventory:

Missiles
 q - 3 throwing nets
 H - 2 curare-tipped darts
Jewellery
 d - an amulet of magic regeneration (around neck)
 i - a +6 ring of dexterity (left front paw)
 l - a ring of willpower (right front paw)
 m - a +6 ring of strength (on tentacle)
 v - a ring of poison resistance
 x - a +6 ring of intelligence (on tentacle)
 z - a +6 ring of strength (on tentacle)
 D - a +6 ring of intelligence (on tentacle)
 F - a +5 ring of evasion (on tentacle)
Wands
 f - a wand of flame (23) (quivered)
 g - a wand of digging (5)
 h - a wand of mindburst (14)
 w - a wand of roots (12)
 B - a wand of polymorph (10)
 C - a wand of charming (5)
Scrolls
 k - 3 scrolls of poison
 o - 2 scrolls of magic mapping
 y - 2 scrolls of enchant armour
 A - a scroll of identify
Potions
 a - 4 potions of lignification
 e - a potion of invisibility
 j - 2 potions of flight
 n - 2 potions of brilliance
 r - a potion of mutation
 s - a potion of magic
 t - 3 potions of resistance
 u - 4 potions of attraction


   Skills:
 + Level 7.1 Fighting
 + Level 7.3 Dodging
 + Level 7.7 Unarmed Combat
 + Level 6.8 Spellcasting
 * Level 10.3 Transmutations
 - Level 5.0 Ice Magic


You had 16 spell levels left.
You knew the following spells:

 Your Spells              Type           Power      Damage    Failure   Level
a - Ice Form              Ice/Tmut       56%        N/A       1%          4
b - Wereblood             Tmut           67%        N/A       1%          2
z - Beastly Appendage     Tmut           100%       N/A       1%          1

Your spell library contained the following spells:

 Spells                   Type           Power      Damage    Failure   Level
 Spider Form              Tmut/Pois      44%        N/A       1%          3
 Ensorcelled Hibernation  Hex/Ice        54%        N/A       2%          2
 Magic Dart               Conj           44%        1d5       4%          1
 Sublimation of Blood     Necr           11%        N/A       6%          2
 Dazzling Flash           Conj/Hex       22%        N/A       13%         3
 Anguish                  Hex/Necr       5%         N/A       38%         4
 Iskenderun's Mystic Bla  Conj/Tloc      11%        2d4       38%         4
 Starburst                Conj/Fire      5%         6d4       100%        6
 Summon Hydra             Summ           5%         N/A       100%        7


Dungeon Overview and Level Annotations

Branches:
Dungeon (11/15)            Temple (1/1) D:6            Lair (0/5) D:11
    Orc (0/2) D:9           Sewer (visited)

Altars:
Ashenzari
Cheibriados
Dithmenos
Elyvilon
Fedhas
Gozag
Hepliaklqana
Kikubaaqudgha
Makhleb
Nemelex Xobeh
Okawaru
Qazlal
Ru
Sif Muna
Trog
Uskayaw
Vehumet
Wu Jian
Xom
Yredelemnul
Zin
The Shining One

Shops:
D:3 *

Annotations:
D:5 2 runed translucent doors
D:11 Lodul


Innate Abilities, Weirdness & Mutations

You are a creature of crystalline ice.
You have a powerful freezing melee attack.
Your maximum health is increased.
Your armour is entirely melded.
You are incapable of wielding weapons or throwing items.
You cannot wear most types of armour.
You are amphibious.
You can wear up to eight rings at the same time.
((Your skin changes colour to match your surroundings (Stealth+).))
((Your rubbery body absorbs attacks. (AC +1, EV +1)))
((You are camouflaged when in or above water. (Stealth+)))
((You have tentacles for arms and can constrict up to eight enemies at once.))


Message History

The yak is distracted by your dazzling golden aura.
The killer bee is distracted by your dazzling golden aura.
The ogre attacks as you move away! The ogre completely misses you.
The killer bee buzzes angrily.
The yak bellows!
The acid dragon spits acid at you. The splash of acid hits you!!
The acid corrodes you!
The killer bee is distracted by your dazzling golden aura.
The killer bee buzzes angrily.
The ogre attacks as you move away! The ogre barely misses you.
The troll is no longer distracted by gold.
The acid dragon attacks as you move away!
The acid dragon barely misses you. The acid dragon claws you.
The killer bee is no longer distracted by gold.
The killer bee is distracted by your dazzling golden aura.
The centaur is distracted by your dazzling golden aura.
The killer bee is distracted by your dazzling golden aura.
There is a stone staircase leading up here.
You howl as the wereblood boils in your veins!
You warm up again.
The sentinel's mark upon you fades away.
Your primal bloodlust has ended.
The killer bee buzzes angrily.
The centaur shouts!
The killer bee buzzes angrily.
The centaur is no longer distracted by gold.
The killer bee is no longer distracted by gold.
The killer bee is distracted by your dazzling golden aura.
The ogre is distracted by your dazzling golden aura.
The acid dragon bites you!
* * * LOW HITPOINT WARNING * * *
The acid dragon completely misses you.
The acid dragon roars!
The ogre shouts!
You climb upwards.
There is a stone staircase leading down here.
Casting: Wereblood (safe; 1% risk of failure)
Confirm with . or Enter, or press ? or * to list all spells.
You turn into a creature of crystalline ice.
The acid dragon spits acid at you. The splash of acid hits you!!
You die...
Your body crumbles into a pile of gold.

##...###..............#####
#.............#.##........<
#...............##.#..#####
#...#####...######.#..#
#...# ##..## ##.#..# #...#
#...####.....##### #...#
#.................
##..######...####....######
#......##Y.######.#.#
#.####...D........#.#
#...<......########.#
#.########.########.## #.#
#...........##### #.#
##########....... #.######
#.###### #......# #.#
######.# #.#


You could see an acid dragon (catching breath).

Vanquished Creatures
  A two-headed ogre (D:10)
  Pikel (D:6)
  A gargoyle (D:10)
  A troll (D:10)
  A hornet (D:9)
  Grinder (D:6)
  Sigmund (D:3)
  3 slime creatures (D:10)
  21 yaks
  2 wyverns
  3 wraiths
  Eustachio (D:5)
  3 steam dragons
  Menkaure (D:6)
  2 water moccasins (D:7)
  Duvessa (D:4)
  2 orc warriors
  3 black bears
  2 ice beasts (D:11)
  A sky beast (D:8)
  3 ogres
  A wolf (D:11)
  5 centaurs (D:9)
  A lemure (D:6)
  A bullfrog (D:8)
  A necrophage (D:7)
  A gnoll sergeant (D:8)
  A scorpion (D:6)
  4 wights (D:8)
  Dowan (D:4)
  9 howler monkeys
  A lava snake (D:7)
  A hound (D:5)
  A gnoll bouda (D:6)
  5 orc priests
  A jelly (D:6)
  5 iguanas
  10 orc wizards
  A hell rat (Sewer)
  17 gnolls
  7 adders
  5 river rats
  2 shadow imps
  2 white imps
  2 ufetubi
  6 worms
  2 dart slugs
  16 orcs
  4 endoplasms
  2 giant cockroaches
  10 goblins
  4 hobgoblins
  5 kobolds
  4 quokkas
  8 ball pythons
  8 bats
  12 rats
221 creatures vanquished.

Notes
Turn   | Place    | Note
-------+----------+-------------------------------------------
     0 | D:1      | wormed the Octopode Transmuter began the quest for the Orb.
     0 | D:1      | Reached XP level 1. HP: 13/13 MP: 3/3
    96 | D:1      | Found a faded altar of an unknown god.
   155 | D:1      | Reached XP level 2. HP: 18/18 MP: 3/5
   805 | D:2      | Reached XP level 3. HP: 23/23 MP: 4/6
  1023 | D:2      | Found a shimmering blue altar of Sif Muna.
  1519 | D:3      | Found a bloodstained altar of Trog.
  1661 | D:3      | Reached skill level 1 in Ice Magic
  1818 | D:3      | Found Rixkacse's Assorted Antiques.
  1845 | D:3      | Bought a twisted glass ring for 125 gold pieces
  1937 | D:3      | Reached XP level 4. HP: 25/28 MP: 7/7
  2017 | D:3      | Noticed Sigmund
  2034 | D:3      | Learned a level 4 spell: Ice Form
  2037 | D:3      | Learned a level 2 spell: Wereblood
  2059 | D:3      | Killed Sigmund
  2060 | D:3      | Reached skill level 3 in Transmutations
  2060 | D:3      | Reached XP level 5. HP: 29/34 MP: 7/9
  2060 | D:3      | Reached XP level 6. HP: 34/39 MP: 7/10
  2322 | D:3      | Bought a scroll of identify for 50 gold pieces
  2506 | D:4      | Reached skill level 4 in Transmutations
  2517 | D:4      | Reached XP level 7. HP: 38/45 MP: 11/11
  2764 | D:4      | Found a glowing drain.
  2772 | Sewer    | Entered a sewer
  3043 | D:4      | Found a hazy altar of Hepliaklqana.
  3056 | D:4      | Noticed Duvessa
  3056 | D:4      | Noticed Dowan
  3322 | D:4      | Killed Duvessa
  3333 | D:4      | Killed Dowan
  3459 | D:4      | Noticed an angel
  3460 | D:4      | Found a glowing silver altar of Zin.
  3573 | D:5      | Entered Level 5 of the Dungeon
  3581 | D:5      | Reached skill level 5 in Transmutations
  3632 | D:5      | Reached XP level 8. HP: 48/52 MP: 10/13
  3779 | D:5      | Found a runed translucent door.
  4041 | D:5      | Found an ancient bone altar of Kikubaaqudgha.
  4042 | D:5      | Found a shimmering blue altar of Sif Muna.
  4044 | D:5      | Found a radiant altar of Vehumet.
  4049 | D:5      | Got Vehumet's Directory of Bombardment
  4294 | D:5      | Found a sparkling altar of Nemelex Xobeh.
  4439 | D:5      | Noticed Eustachio
  4455 | D:5      | HP: 3/64 [quasit[Eustachio] (2)]
  4457 | D:5      | Killed Eustachio
  4458 | D:5      | Reached skill level 6 in Transmutations
  4714 | D:5      | Found a runed translucent door.
  5065 | D:6      | Noticed Grinder
  5071 | D:6      | Killed Grinder
  5072 | D:6      | Reached skill level 5 in Unarmed Combat
  5074 | D:6      | Reached XP level 9. HP: 56/58 MP: 15/15
  5326 | D:6      | Noticed Menkaure
  5333 | D:6      | Killed Menkaure
  5351 | D:6      | Noticed Pikel
  5427 | D:6      | Found a basalt altar of Yredelemnul.
  5544 | D:6      | Found a staircase to the Ecumenical Temple.
  5554 | Temple   | Entered the Ecumenical Temple
  5858 | D:6      | Found an iron altar of Okawaru.
  6462 | D:6      | Killed Pikel
  6463 | D:6      | Reached skill level 5 in Dodging
  6463 | D:6      | Reached skill level 7 in Transmutations
  6733 | D:7      | Reached skill level 5 in Fighting
  6733 | D:7      | Reached skill level 5 in Spellcasting
  7161 | D:7      | Reached skill level 5 in Ice Magic
  7161 | D:7      | Reached XP level 10. HP: 29/66 MP: 17/17
  7335 | D:7      | Found an opulent altar of Gozag.
  7426 | D:7      | Became a worshipper of Gozag Ym Sagoz the Greedy
  7885 | D:8      | Reached skill level 8 in Transmutations
  8551 | D:8      | Found a sacrificial altar of Ru.
  9005 | D:9      | Found a snail-covered altar of Cheibriados.
  9163 | D:9      | Found a broken altar of Ashenzari.
  9163 | D:9      | Found a blossoming altar of Fedhas.
  9711 | D:9      | Reached skill level 9 in Transmutations
  9801 | D:9      | Reached XP level 11. HP: 73/73 MP: 20/20
 10041 | D:9      | Found a stormy altar of Qazlal.
 10089 | D:9      | Found an ornate altar of the Wu Jian Council.
 10148 | D:9      | Found a staircase to the Orcish Mines.
 10613 | D:10     | Entered Level 10 of the Dungeon
 10629 | D:10     | Noticed a two-headed ogre
 10636 | D:10     | Killed a two-headed ogre
 10916 | D:10     | Reached skill level 10 in Transmutations
 11168 | D:10     | HP: 4/88 [large slime creature (23)]
 11955 | D:11     | Found a staircase to the Lair.
 11979 | D:11     | Noticed Lodul
 11996 | D:10     | Killed from afar by an acid dragon

Illustrated notes

Levels and vault maps discovered:
D:1:      lightli_arrival_statuegarden, layout_rooms,
          ebering_ecumenical_altar_rust, chequers_serial_rivers_room_a,
          minivault_11
D:2:      layout_basic, basic_altar
D:3:      layout_loops_cross, mainiacjoe_overflow_tiny_flanked, serial_shops,
          nicolae_shop_advertising_works [nicolae_subvault_shop_adworks],
          minmay_misc_feat_doors, minivault_5, uniq_sigmund
D:4:      layout_loops_ring, zin_angel, mainiacjoe_overflow_boulevard,
          lightli_sewer_entry_pipes, uniq_duvessa
D:5:      lemuel_insect_pit, layout_cave_pods,
          grunt_temple_overflow_magic_moments, kennysheep_mini,
          serial_column_ruins, column_ruins_hut_ruined,
          column_ruins_square_medium, column_ruins_columns_plus,
          column_ruins_columns_corner, column_ruins_open_medium,
          column_ruins_grid_1, column_ruins_grid_4, column_ruins_grid_1,
          uniq_eustachio
D:6:      layout_loops_ring, nicolae_overflow_crystal_walls,
          mainiacjoe_overflow_concentric_impassable,
          minmay_temple_entry_mini_moons, serial_co_window_serial,
          co_window_paths_a, co_window_corner_a, co_window_of_opportunity_a,
          co_window_cross_1, co_window_paths_a, co_window_paths_a,
          co_window_paths_b, co_window_paths_b, co_window_corner_a,
          co_window_cross_4, co_window_broadway_a, co_window_corner_b,
          co_window_broadway_a, co_window_corner_b, glass_columns_b,
          uniq_grinder, uniq_pikel, uniq_menkaure
D:7:      layout_loops_corners, mainiacjoe_overflow_brackets,
          kennysheep_small_spiral
D:8:      wander_river, layout_basic, mainiacjoe_overflow_six_doors_small
D:9:      nicolae_whirlpool, layout_loops_cross, kennysheep_mini_moat,
          gammafunk_temple_overflow_statue, mainiacjoe_overflow_big_doors,
          orc_0_dummy, eino_tiny_chamber, minmay_variable_closet
D:10:     layout_loops_ring
D:11:     layout_cave_pods, hellmonk_lair_entry_icy, uniq_lodul
Temple:   hellmonk_temple_micro_hex

Skill      XL: |  1  2  3  4  5  6  7  8  9 10 11 |
---------------+----------------------------------+-----
Ice Magic      | 1 2 3 5 |  5.0
Fighting       | 2 3 4 5 6 7 |  7.1
Transmutations | 3 4 5 6 7 9 10 | 10.3
Dodging        | 3 4 5 6 7 |  7.3
Spellcasting   | 3 4 5 6 |  6.8
Unarmed Combat | 4 5 7 |  7.7

Action                   |  1- 3 |  4- 6 |  7- 9 | 10-12 || total
-------------------------+-------+-------+-------+-------++-------
Melee: Unarmed           |   105 |    48 |   222 |   231 ||   606
       Kick              |    25 |     3 |       |       ||    28
       Constrict         |    30 |     2 |     6 |       ||    38
       Tentacles         |    19 |     1 |     5 |       ||    25
       Punch             |     3 |       |       |       ||     3
 Cast: Beastly Appendage |    33 |     2 |       |       ||    35
       Ice Form          |       |     3 |    32 |    29 ||    64
       Wereblood         |       |     1 |    13 |    28 ||    42
Invok: Potion Petition   |       |       |       |     3 ||     3
Evoke: Wand              |       |       |       |    12 ||    12
  Use: Scroll            |     6 |     4 |     6 |     9 ||    25
       Potion            |       |       |     6 |     7 ||    13
 Stab: Sleeping          |    10 |     1 |     5 |       ||    16
       Distracted        |       |       |     1 |     3 ||     4
Armor: Skin              |    19 |    17 |    71 |    59 ||   166
Dodge: Dodged            |    61 |    27 |   126 |   192 ||   406

Table legend: (Time is in decaauts)
 A = Elapsed time spent in this place.
 B = Non-inter-level travel time spent in this place.
 C = Inter-level travel time spent in this place.
 D = Time resting spent in this place.
 E = Time spent auto-exploring this place.
 F = Levels seen in this place.
 G = Mean time per level.
                   A        B        C        D        E       F      G
               +--------+--------+--------+--------+--------+-----+--------+
         Total |  11913 |  11323 |    590 |    531 |   8801 |  13 |  916.4 |
       Dungeon |  11797 |  11207 |    590 |    531 |   8739 |  11 | 1072.5 |
        Temple |      3 |      3 |      0 |      0 |      0 |   1 |    3.0 |
         Sewer |    112 |    112 |      0 |      0 |     62 |   1 |  112.0 |
               +--------+--------+--------+--------+--------+-----+--------+

Top non-repeatable levels by time:
     D:9: 1782 daAuts
     D:6: 1610 daAuts
     D:5: 1308 daAuts
    D:10: 1296 daAuts
     D:7: 1267 daAuts
     D:4: 1062 daAuts
     D:3: 1005 daAuts
     D:2: 953 daAuts
     D:8: 870 daAuts
     D:1: 573 daAuts
   Sewer: 112 daAuts
    D:11: 67 daAuts
  Temple: 3 daAuts
